 Dungeon Crawl Stone Soup version 0.21-a0-404-g291f19a (webtiles) character file.

1037 DakAttack the Insei (level 8, -7/90 HPs)
             Began as a Gnoll Transmuter on Oct 29, 2017.
             Mangled by a centaur (9 damage)
             ... on level 6 of the Dungeon.
             The game lasted 00:17:18 (6015 turns).

DakAttack the Insei (Gnoll Transmuter)              Turns: 6015, Time: 00:17:18

Health: -7/90      AC:  2    Str: 18    XL:     8   Next: 24%
Magic:  11/16      EV: 25    Int: 17    God:
Gold:   304        SH:  0    Dex: 21    Spells: 9/18 levels left

rFire    + . .     SeeInvis .     - Unarmed
rCold    . . .     Gourm    .   (shield currently unavailable)
rNeg     . . .     Faith    .   (armour currently unavailable)
rPois    x         Spirit   .   (helmet currently unavailable)
rElec    .         Reflect  .   (cloak currently unavailable)
rCorr    .         Harm     .   (gloves currently unavailable)
MR       .....                  (boots currently unavailable)
Stlth    ..........             (no amulet)
HPRegen  0.25/turn              g - ring of protection from fire
MPRegen  0.15/turn              (no ring)

@: berserking, lethally poisoned (-7 -> -9), spider-form, very quick
A: distributed training, strong nose
a: End Transformation


You were on level 6 of the Dungeon.
You were hungry.
You were a venomous arachnid creature.
You visited 1 branch of the dungeon, and saw 6 of its levels.

You collected 304 gold pieces.

Inventory:

Hand Weapons
 h - a +0 short sword (melded)
Missiles
 a - 55 arrows
Armour
 b - a +1 robe (melded)
 l - a +0 helmet (melded)
 p - a +2 pair of gloves (melded)
Jewellery
 g - a ring of protection from fire (left front leg)
 x - an uncursed ring of protection from cold
 z - a cursed -3 ring of intelligence {unknown}
Wands
 d - a wand of scattershot (3/9)
Scrolls
 f - a scroll of enchant armour
 q - a scroll of amnesia
 y - a scroll of teleportation
 B - a scroll of identify
Potions
 i - a potion of haste {unknown}
 j - a potion of berserk rage
 k - a potion of might {unknown}
 n - a potion of degeneration {unknown}
 o - 2 potions of mutation {unknown}
 s - a potion of cancellation {unknown}
 u - 2 potions of heal wounds {unknown}
Books
 c - a book of Changes

   Spells                             Type                      Level
   a - Beastly Appendage              Transmutation                1
   b - Sticks to Snakes               Transmutation                2
   c - Spider Form                    Transmutation/Poison         3
   d - Ice Form                       Ice/Transmutation            4
   e - Blade Hands                    Transmutation                5
 w - a book of Misfortune

   Spells                             Type                      Level
   a - Confusing Touch                Hexes                        1
   b - Confuse                        Hexes                        3
   c - Gell's Gravitas                Translocation                3
   d - Petrify                        Transmutation/Earth          4
   e - Metabolic Englaciation         Hexes/Ice                    5
   f - Yara's Violent Unravelling     Hexes/Transmutation          5
Comestibles
 m - 7 fruits
 r - 4 meat rations
 t - 3 bread rations
 v - a royal jelly
 A - a chunk of flesh


   Skills:
 + Level 4.0 Fighting
 + Level 3.0 Short Blades
 + Level 3.0 Long Blades
 + Level 3.0 Axes
 + Level 3.0 Maces & Flails
 + Level 3.0 Polearms
 + Level 3.0 Staves
 + Level 3.0 Slings
 + Level 3.0 Bows
 + Level 3.0 Crossbows
 + Level 3.0 Throwing
 + Level 3.0 Armour
 + Level 5.5 Dodging
 + Level 3.0 Stealth
 + Level 3.0 Shields
 + Level 7.2 Unarmed Combat
 + Level 5.9 Spellcasting
 + Level 2.4 Conjurations
 + Level 2.4 Hexes
 + Level 2.4 Charms
 + Level 2.4 Summonings
 + Level 2.4 Necromancy
 + Level 2.4 Translocations
 + Level 4.5 Transmutations
 + Level 2.4 Fire Magic
 + Level 2.4 Ice Magic
 + Level 2.4 Air Magic
 + Level 2.4 Earth Magic
 + Level 2.4 Poison Magic
 + Level 3.3 Invocations
 + Level 3.0 Evocations


You had 9 spell levels left.
You knew the following spells:

 Your Spells              Type           Power        Failure   Level  Hunger
a - Beastly Appendage     Tmut           ###...       8%          1    None
b - Sticks to Snakes      Tmut           ###.....     11%         2    None
c - Spider Form           Tmut/Pois      ###.......   22%         3    ##.....
d - Confuse               Hex            ##......     32%         3    ##.....


Dungeon Overview and Level Annotations

Branches:
Dungeon (6/15)
 Temple: D:4-7

Altars:


Innate Abilities, Weirdness & Mutations

Your experience applies equally to all skills.
((You have very sharp teeth.))
Your uncanny sense of smell can sniff out nearby items.


Message History

Unknown command.
You hit the centaur.
The centaur is poisoned.
The centaur is moderately wounded.
You feel sick. The centaur hits you.
* * * LOW HITPOINT WARNING * * *
The adder misses you. The centaur completely misses you.
It was a potion of berserk rage.
A red film seems to cover your vision as you go berserk!
You feel yourself moving faster!
You feel mighty! The adder closely misses you. The centaur hits you.
* * * LOW HITPOINT WARNING * * *
You bite the centaur!
The centaur looks as sick as possible!
The centaur is heavily wounded.
* * * LOW HITPOINT WARNING * * *
You feel sick. The adder completely misses you.
The centaur completely misses you.
You barely miss the centaur.
The centaur is heavily wounded.
The centaur hits you!
You die...

#............>...
#..........##.#.#
##.........# .#...
###.........# ..
>.. #....########
... ..
#%.##(########.....
#.. #.(......... #
##..(...##.
#..Ssc.#
#...........
#.......#####
..........#
####...%..#
#......# ########


You could see a centaur and an adder.

Vanquished Creatures
  2 ogres
  A phantom (D:5)
  A scorpion (D:4)
  A centaur skeleton (D:5)
  A quasit (D:5)
  4 hounds
  An iguana (D:5)
  5 worker ants
  3 orc wizards
  A hound zombie (D:5)
  A hound skeleton (D:4)
  Robin (D:4)
  A howler monkey zombie (D:5)
  4 gnolls (D:3)
  8 adders
  A shadow imp (D:6)
  2 oozes
  2 worms
  A dart slug (D:2)
  6 leopard geckos
  19 orcs
  6 bats
  2 giant cockroaches
  15 goblins
  12 hobgoblins
  7 jackals
  6 kobolds
  2 quokkas
  3 ball pythons
  3 frilled lizards
  A leopard gecko skeleton (D:5)
  5 rats
128 creatures vanquished.

Vanquished Creatures (collateral kills)
  A shadow imp (D:3)
  A dart slug (D:1)
  A goblin (D:3)
  A hobgoblin (D:1)
  A rat (D:2)
5 creatures vanquished.

Grand Total: 133 creatures vanquished

Notes
Turn   | Place    | Note
-------+----------+-------------------------------------------
     0 | D:1      | DakAttack the Gnoll Transmuter began the quest for the Orb.
     0 | D:1      | Reached XP level 1. HP: 17/17 MP: 6/6
    85 | D:1      | Reached XP level 2. HP: 19/23 MP: 5/7
   242 | D:1      | Learned a level 2 spell: Sticks to Snakes
   474 | D:1      | Reached XP level 3. HP: 27/28 MP: 7/9
   486 | D:1      | Reached skill level 5 in Spellcasting
   491 | D:1      | Learned a level 3 spell: Spider Form
   879 | D:2      | Reached skill level 1 in Invocations
  1034 | D:2      | Reached skill level 1 in Short Blades
  1034 | D:2      | Reached skill level 1 in Long Blades
  1034 | D:2      | Reached skill level 1 in Axes
  1034 | D:2      | Reached skill level 1 in Maces & Flails
  1034 | D:2      | Reached skill level 1 in Polearms
  1034 | D:2      | Reached skill level 1 in Staves
  1034 | D:2      | Reached skill level 1 in Slings
  1034 | D:2      | Reached skill level 1 in Bows
  1034 | D:2      | Reached skill level 1 in Crossbows
  1034 | D:2      | Reached skill level 1 in Throwing
  1034 | D:2      | Reached skill level 1 in Armour
  1034 | D:2      | Reached skill level 1 in Stealth
  1034 | D:2      | Reached skill level 1 in Shields
  1034 | D:2      | Reached skill level 1 in Evocations
  1050 | D:2      | Reached XP level 4. HP: 23/34 MP: 6/11
  1832 | D:3      | Found a transporter.
  2404 | D:3      | Found a transporter.
  2486 | D:3      | Reached skill level 1 in Conjurations
  2486 | D:3      | Reached skill level 1 in Hexes
  2486 | D:3      | Reached skill level 1 in Charms
  2486 | D:3      | Reached skill level 1 in Summonings
  2486 | D:3      | Reached skill level 1 in Necromancy
  2486 | D:3      | Reached skill level 1 in Translocations
  2486 | D:3      | Reached skill level 1 in Fire Magic
  2486 | D:3      | Reached skill level 1 in Ice Magic
  2486 | D:3      | Reached skill level 1 in Air Magic
  2486 | D:3      | Reached skill level 1 in Earth Magic
  2486 | D:3      | Reached skill level 1 in Poison Magic
  2497 | D:3      | Reached XP level 5. HP: 15/40 MP: 6/12
  3651 | D:4      | Noticed Robin
  3664 | D:4      | Killed Robin
  4144 | D:4      | Reached XP level 6. HP: 47/47 MP: 9/13
  4407 | D:4      | Reached skill level 5 in Dodging
  4647 | D:4      | Reached XP level 7. HP: 52/52 MP: 11/15
  4847 | D:5      | Entered Level 5 of the Dungeon
  4899 | D:5      | Reached skill level 7 in Unarmed Combat
  5551 | D:5      | Reached XP level 8. HP: 52/60 MP: 12/16
  5942 | D:6      | Learned a level 3 spell: Confuse
  6009 | D:6      | HP: 3/60 [centaur/arrow (12)]
  6014 | D:6      | HP: 1/90 [poisoned by an adder]
  6015 | D:6      | Mangled by a centaur

Vault maps used:
D:1:      lightli_arrival_statue_moat, minmay_misc_feat_four_crosses
D:3:      gammafunk_wand_slinger, minmay_cupped
D:4:      first_bread, uniq_robin
D:6:      minmay_temple_entry_glassed_door

Skill      XL: |  1  2  3  4  5  6  7  8 |
---------------+-------------------------+-----
Spellcasting   | 5 |  5.9
Invocations    | 1 2 3 |  3.3
Short Blades   | 1 2 3 |  3.0
Long Blades    | 1 2 3 |  3.0
Axes           | 1 2 3 |  3.0
Maces & Flails | 1 2 3 |  3.0
Polearms       | 1 2 3 |  3.0
Staves         | 1 2 3 |  3.0
Slings         | 1 2 3 |  3.0
Bows           | 1 2 3 |  3.0
Crossbows      | 1 2 3 |  3.0
Throwing       | 1 2 3 |  3.0
Armour         | 1 2 3 |  3.0
Stealth        | 1 2 3 |  3.0
Shields        | 1 2 3 |  3.0
Evocations     | 1 2 3 |  3.0
Conjurations   | 1 2 |  2.4
Hexes          | 1 2 |  2.4
Charms         | 1 2 |  2.4
Summonings     | 1 2 |  2.4
Necromancy     | 1 2 |  2.4
Translocations | 1 2 |  2.4
Fire Magic     | 1 2 |  2.4
Ice Magic      | 1 2 |  2.4
Air Magic      | 1 2 |  2.4
Earth Magic    | 1 2 |  2.4
Poison Magic   | 1 2 |  2.4
Fighting       | 3 4 |  4.0
Transmutations | 4 |  4.5
Dodging        | 5 |  5.5
Unarmed Combat | 7 |  7.2

Action                   |  1- 3 |  4- 6 |  7- 9 || total
-------------------------+-------+-------+-------++-------
Melee: Unarmed           |    66 |    87 |   102 ||   255
       Bite              |    10 |     6 |     3 ||    19
       Kick              |     2 |     8 |    11 ||    21
       Headbutt          |     6 |       |       ||     6
       Punch             |     4 |     1 |     3 ||     8
       Short sword       |     9 |    94 |    73 ||   176
 Cast: Beastly Appendage |    13 |     5 |     4 ||    22
       Sticks to Snakes  |     5 |     8 |       ||    13
       Spider Form       |     6 |    15 |    14 ||    35
       Confuse           |       |       |     2 ||     2
  Use: Scroll            |     3 |    10 |     2 ||    15
       Potion            |       |     1 |     3 ||     4
 Stab: Sleeping          |       |     5 |     2 ||     7
  Eat: Chunk             |       |     5 |     5 ||    10
       Bread ration      |       |     2 |       ||     2
Armor: Robe              |    11 |    12 |    16 ||    39
       Skin              |     1 |     7 |     4 ||    12
Dodge: Dodged            |    64 |   209 |   177 ||   450

Table legend:
 A = Spawn XP
 B = Non-spawn XP
 C = Spawn XP percentage of total XP
 D = Spawn monster count
 E = Non-spawn monster count
 F = Spawn count percentage of total count
 G = Total turns spent on level
                    A         B        C        D         E        F      G
               +---------+---------+-------+---------+---------+-------+---------
         Total |       0 |    1482 |   0.0 |       0 |     133 |   0.0 |  6015
               +---------+---------+-------+---------+---------+-------+---------
           D:1 |       0 |      41 |   0.0 |       0 |      22 |   0.0 |   786
           D:2 |       0 |      61 |   0.0 |       0 |      21 |   0.0 |   733
           D:3 |       0 |     115 |   0.0 |       0 |      21 |   0.0 |  2087
           D:4 |       0 |     481 |   0.0 |       0 |      37 |   0.0 |  1241
           D:5 |       0 |     656 |   0.0 |       0 |      27 |   0.0 |  1057
           D:6 |       0 |     128 |   0.0 |       0 |       5 |   0.0 |   111
               +---------+---------+-------+---------+---------+-------+---------
